Map: Dusk Towers

Players

Aucamazn

  • Race: Protoss Protoss
  • League: Platinum

LindyHop - Winner!

  • Race: Zerg Zerg
  • League: Platinum

VOD

Have the link to the VOD?

Description

Time

  • Played on: Jan. 9, 2016, 1:44 p.m.
  • Length: 4:47
Show
View Real Time Build Order
Export as new Build Order

Aucamazn Protoss 

Build Orders:  

Get SALT Encoding   

  12  0:01  Probe (Chrono Boost)  
  13  0:12  Probe (Chrono Boost)  
  14  0:22  Probe (Chrono Boost)  
  15  0:43  Pylon  
  15  1:01  Probe (Chrono Boost), Gateway  
  15  1:02  Gateway  
  16  1:05  Gateway  
  16  1:13  Gateway  
  16  1:16  Gateway  
  16  1:37  Pylon  
  16  1:51  Zealot  
  16  1:52  Zealot  
  20  1:59  Zealot  
  22  2:07  Cybernetics Core  
  22  2:08  Assimilator  
  22  2:10  Assimilator  
  22  2:24  Probe (Chrono Boost)  
  23  2:31  Zealot x3  
  23  2:36  Probe (Chrono Boost)  
  30  2:47  Probe (Chrono Boost)  
  31  2:59  Pylon  
  31  3:00  Pylon  
  31  3:17  Probe (Chrono Boost)  
  32  3:39  Robotics Facility  
  20  3:54  Gateway x2  
  20  4:14  Gateway  
  20  4:16  Gateway  
Show
View Real Time Build Order
Export as new Build Order

LindyHop Zerg - Winner!

Build Orders: Hatch First 

Get SALT Encoding   

  12  0:01  Drone  
  13  0:12  Overlord  
  13  0:17  Drone  
  14  0:24  Drone, Extractor  
  15  0:31  Drone  
  15  0:34  Drone  
  17  0:45  Drone  
  18  0:57  Hatchery  
  18  1:00  Drone  
  18  1:03  Extractor  
  17  1:06  Drone  
  18  1:19  Spawning Pool  
  17  1:25  Drone  
  18  1:38  Overlord  
  18  1:43  Drone  
  19  2:08  Spine Crawler x2  
  17  2:10  Metabolic Boost  
  17  2:12  Zergling x2  
  17  2:13  Spine Crawler, Zergling x2  
  18  2:24  Queen  
  20  2:34  Zergling x4  
  22  2:39  Overlord  
  22  2:48  Zergling x2  
  22  2:49  Zergling x4  
  25  3:00  Zergling x4  
  25  3:01  Zergling x2  
  27  3:06  Zergling x2  
  27  3:11  Zergling x4  
  28  3:21  Zergling x2  
  28  3:24  Zergling x2  
  28  3:32  Queen  
  29  3:42  Drone  
  29  3:43  Drone x2  
  32  3:49  Drone x3  
  32  3:50  Drone  
  36  3:59  Drone x2  
  36  4:02  Spore Crawler  
  37  4:07  Drone  
  37  4:09  Drone  
  39  4:20  Extractor  
  38  4:26  Drone x6  
Tags
 
Add a new tag
Caveats
  • Supply blocks, unpowered buildings, or Contaminate may cause inaccurate times.
  • Supply counts are checked every 10 seconds.